[Event "Titled Tuesday Blitz June 22 2021"]
[White "Lomasov, Semyon"]
[Black "Kovalev, Vladislav"]
[WhiteFideId "24164879"]
[BlackFideId "13504398"]
[WhiteElo "2445"]
[BlackElo "2573"]
[Result "0-1"]
[Round "07"]
[TimeControl "180+1"]
[Date "2021.06.22"]
[WhiteClock "0:00:08"]
[BlackClock "0:00:33"]

1. e4 e5 2. Nf3 Nc6 3. Bc4 Nf6 4. d3 Bc5 5. Nc3 h6 6. h3 d6 7. Be3 a6 8. a4 O-O 9. O-O Re8 10. Nd5 Be6 11. a5 Bxe3 12. fxe3 Bxd5 13. exd5 Ne7 14. e4 Ng6 15. Nd2 Nh7 16. Kh2 Rf8 17. Qg4 Qg5 18. Qxg5 hxg5 19. g3 f6 20. Bb3 Kf7 21. Nc4 Rh8 22. Ne3 Nhf8 23. Kg2 Ne7 24. c3 Nd7 25. Bd1 Rhb8 26. Bg4 Nf8 27. Nc4 g6 28. Rf2 Kg7 29. Raf1 Nh7 30. Be6 Rf8 31. Ne3 Ng8 32. Ra1 Nh6 33. Ra4 Rfe8 34. Rb4 Rab8 35. Rf1 Nf8 36. Bg4 Nxg4 37. Nxg4 Nd7 38. Rc4 Rbc8 39. h4 gxh4 40. gxh4 Rh8 41. Kg3 c5 42. dxc6 bxc6 43. Ne3 Nc5 44. b4 Nxd3 45. Rd1 Nb2 46. Rxd6 Nxc4 47. Nxc4 Rhd8 48. Re6 Kf7 49. Rd6 Ke7 50. Rxd8 Rxd8 51. Kg4 Rd3 52. Nb6 Rxc3 53. Na4 Rc4 54. Nc5 Rxc5 55. bxc5 Ke6 56. Kg3 f5 57. Kf3 fxe4+ 58. Kxe4 Kf6 59. Ke3 Kf5 60. Kf3 e4+ 61. Ke3 Ke5 0-1


[Site "https://www.chess.com"]

[Event "Titled Tuesday Blitz June 22 2021"]
[White "Martinez Alcantara, Jose Eduardo"]
[Black "Gabrielian, Artur"]
[WhiteFideId "3805662"]
[BlackFideId "4131002"]
[WhiteElo "2690"]
[BlackElo "2539"]
[Result "1-0"]
[Round "07"]
[TimeControl "180+1"]
[Date "2021.06.22"]
[WhiteClock "0:00:18"]
[BlackClock "0:00:03"]

1. e4 c5 2. Nf3 Nc6 3. Bc4 e6 4. d3 Nf6 5. Nc3 d5 6. Bb5 d4 7. Bxc6+ bxc6 8. Nb1 Nd7 9. Nbd2 e5 10. Nc4 f6 11. O-O Be7 12. Nh4 g6 13. f4 O-O 14. f5 g5 15. Nf3 Kh8 16. g4 Qe8 17. Kf2 Nb6 18. h4 Nxc4 19. dxc4 gxh4 20. Rh1 Qf7 21. b3 a5 22. a4 Rg8 23. Rxh4 Ba6 24. Qh1 Rad8 25. Bd2 d3 26. c3 Rb8 27. Rb1 Rg7 28. Bh6 Rgg8 29. Nd2 Bf8 30. Be3 Rb7 31. Qh3 Rg7 32. Rh1 Qg8 33. Kf3 Rgd7 34. Rh5 Rg7 35. Qh4 Rgf7 36. Rh3 Be7 37. Qf2 Qf8 38. Qh2 Qg8 39. Bf2 Bf8 40. Be3 Be7 41. R3h4 Bf8 42. g5 fxg5 43. Bxg5 Qg6 44. Qxe5+ Bg7 45. Qe8+ Bf8 46. Rxh7+ Qxh7 47. Rxh7+ Kxh7 48. Qxc6 Ra7 49. Qg6+ Kh8 50. Bf6+ Bg7 51. Bxg7+ Rxg7 52. Qe8+ Kh7 53. Qh5+ Kg8 54. f6 Raf7 55. Qd5 Bb7 56. Qe6 Rg6 57. Qe8+ 1-0


[Site "https://www.chess.com"]

[Event "Titled Tuesday Blitz June 22 2021"]
[White "Mekhitarian, Krikor Sevag"]
[Black "Bluebaum, Matthias"]
[WhiteFideId "2107660"]
[BlackFideId "24651516"]
[WhiteElo "2598"]
[BlackElo "2685"]
[Result "1-0"]
[Round "07"]
[TimeControl "180+1"]
[Date "2021.06.22"]
[WhiteClock "0:00:07"]
[BlackClock "0:00:04"]

1. Nf3 d5 2. c4 d4 3. b4 c5 4. Bb2 Nf6 5. g3 a5 6. b5 b6 7. e3 Bb7 8. exd4 cxd4 9. Bg2 e5 10. O-O Bd6 11. Re1 O-O 12. Nxe5 Bxg2 13. Kxg2 Bxe5 14. Rxe5 Nbd7 15. Re1 Nc5 16. Ba3 Nfd7 17. Qf3 Qg5 18. h4 Qg6 19. Bxc5 Nxc5 20. Na3 Rae8 21. h5 Qg5 22. d3 Qd2 23. Rxe8 Rxe8 24. Qc6 Qe2 25. Qxb6 Nxd3 26. Qxd4 h6 27. b6 Re4 28. Qd8+ Kh7 29. Rf1 Re3 30. Qd4 Qf3+ 31. Kg1 Re4 32. Qd5 Ne5 33. b7 Qf5 34. b8=Q Nf3+ 35. Kg2 Nh4+ 36. gxh4 Rg4+ 37. Qg3 Rxg3+ 38. fxg3 Qf2+ 39. Rxf2 1-0


[Site "https://www.chess.com"]

[Event "Titled Tuesday Blitz June 22 2021"]
[White "Moroni, Luca Jr"]
[Black "Vignesh, N R"]
[WhiteFideId "865834"]
[BlackFideId "25012215"]
[WhiteElo "2491"]
[BlackElo "2401"]
[Result "1/2-1/2"]
[Round "07"]
[TimeControl "180+1"]
[Date "2021.06.22"]
[WhiteClock "0:00:08"]
[BlackClock "0:00:18"]

1. d4 d5 2. Bf4 c6 3. e3 Nf6 4. c4 e6 5. Nc3 Bd6 6. Bxd6 Qxd6 7. Nf3 Nbd7 8. Bd3 O-O 9. O-O dxc4 10. Bxc4 b5 11. Bd3 Bb7 12. a3 a6 13. b4 Rfd8 14. Ne4 Nxe4 15. Bxe4 a5 16. Qb3 Nf6 17. Bc2 axb4 18. axb4 Nd5 19. Rxa8 Rxa8 20. Rb1 g6 21. Ne5 Nb6 22. Be4 Ra4 23. Bf3 f6 24. Nd3 Nc4 25. Nc5 Ra3 26. Qd1 Bc8 27. Ra1 e5 28. Rxa3 Nxa3 29. dxe5 Qxd1+ 30. Bxd1 fxe5 31. Bf3 Nc2 32. Bxc6 Nxb4 33. Bxb5 Kg7 34. g3 Kf6 35. Kg2 h6 36. h4 Bg4 37. Ne4+ Ke7 38. Nc5 Be6 39. Nd3 Nxd3 40. Bxd3 g5 41. Be4 Kf6 42. Kf3 Bf7 43. Ke2 Be6 44. Kd3 Ke7 45. Kc3 Kd6 46. Kb4 Bd7 47. Kc4 Be8 48. Ba8 Bd7 49. Kd3 Bf5+ 50. Be4 Bd7 51. Bg6 Bc6 52. Bf5 Bb7 53. Ke2 Bc6 54. Bc2 Bb7 55. hxg5 hxg5 56. Kd2 Bc6 57. Kc3 Kc5 58. Bd3 Bd5 59. Kd2 Bc6 60. Bc2 Bb7 61. Ke2 Bc6 62. Bf5 Bb7 63. Bg4 Bc6 64. Bf3 Bb5+ 65. Ke1 Bc4 66. Be4 Be6 67. Ke2 Bd7 68. Kf3 Kd6 69. Bc2 Ke6 70. Bb3+ Kf6 71. Ke4 Bc6+ 72. Kd3 Bb5+ 73. Kc3 Bc6 74. Kb4 Be4 75. Kc5 Bf3 76. Kd6 Be2 77. Bd5 Bd3 78. Bc6 Bc2 79. Bf3 Bd3 80. Bg2 Bc2 81. Bf1 Be4 82. Bh3 Bc2 83. f4 gxf4 84. gxf4 exf4 85. exf4 Bf5 86. Bxf5 Kxf5 87. Kd7 Kxf4 1/2-1/2


[Site "https://www.chess.com"]

[Event "Titled Tuesday Blitz June 22 2021"]
[White "Nguyen, Ngoc Truong Son"]
[Black "Mons, Leon"]
[WhiteFideId "12401110"]
[BlackFideId "4614950"]
[WhiteElo "2596"]
[BlackElo "2492"]
[Result "1/2-1/2"]
[Round "07"]
[TimeControl "180+1"]
[Date "2021.06.22"]
[WhiteClock "0:01:07"]
[BlackClock "0:01:38"]

1. e4 e5 2. Nf3 Nc6 3. Bb5 a6 4. Ba4 Nf6 5. O-O Be7 6. Re1 b5 7. Bb3 d6 8. c3 O-O 9. d4 Bg4 10. Be3 Bh5 11. Nbd2 d5 12. exd5 exd4 13. dxc6 dxe3 14. Rxe3 Bc5 15. Re2 Qd6 16. Ne4 Qxc6 17. Nxf6+ Qxf6 18. Qd5 Bxf3 19. Qxf3 Qxf3 20. gxf3 Rfe8 21. Re4 Rxe4 22. fxe4 Rd8 23. Rd1 Rxd1+ 24. Bxd1 Kf8 1/2-1/2


[Site "https://www.chess.com"]

[Event "Titled Tuesday Blitz June 22 2021"]
[White "Nguyen, Quoc Hy"]
[Black "Pichot, Alan"]
[WhiteFideId "12410853"]
[BlackFideId "110973"]
[WhiteElo "1975"]
[BlackElo "2622"]
[Result "0-1"]
[Round "07"]
[TimeControl "180+1"]
[Date "2021.06.22"]
[WhiteClock "0:00:04"]
[BlackClock "0:01:03"]

1. d4 Nf6 2. c4 e6 3. Nc3 Bb4 4. g3 O-O 5. Bg2 d5 6. cxd5 exd5 7. Nf3 c6 8. O-O Re8 9. a3 Bd6 10. b4 Bf5 11. Bb2 Nbd7 12. Nd2 a5 13. b5 Nb6 14. e3 a4 15. Rc1 Qd7 16. Qe2 Qe7 17. Ra1 h5 18. h4 Rac8 19. Rfc1 Qf8 20. bxc6 bxc6 21. Qa6 Rb8 22. Ra2 Bxg3 23. fxg3 Rxe3 24. Nf1 Bd3 25. Qa5 Nc4 26. Qc5 Qxc5 27. dxc5 Bxf1 28. Bxf1 Nxb2 29. Be2 Rxg3+ 30. Kf2 Rxc3 0-1


[Site "https://www.chess.com"]

[Event "Titled Tuesday Blitz June 22 2021"]
[White "Onyshchuk, Volodymyr"]
[Black "Harutjunyan, Gevorg"]
[WhiteFideId "14114038"]
[BlackFideId "13300873"]
[WhiteElo "2603"]
[BlackElo "2498"]
[Result "1-0"]
[Round "07"]
[TimeControl "180+1"]
[Date "2021.06.22"]
[WhiteClock "0:01:16"]
[BlackClock "0:00:07"]

1. Nf3 d5 2. g3 Nf6 3. Bg2 e6 4. O-O Be7 5. d3 O-O 6. Nbd2 c5 7. e4 Nc6 8. Re1 b5 9. e5 Nd7 10. Nf1 Bb7 11. h4 a5 12. h5 b4 13. h6 g6 14. N1h2 a4 15. Ng4 Nd4 16. Bf4 Ra7 17. Nxd4 cxd4 18. b3 Ra6 19. Rc1 Rc6 20. Nh2 Qb6 21. Nf3 Rfc8 22. Bg5 Bf8 23. Qd2 Rc3 24. Re2 axb3 25. axb3 Qc7 26. Qf4 Nc5 27. Ra1 Nd7 28. Ra2 Ra8 29. Rxa8 Bxa8 30. Nxd4 Qb6 31. Bh3 Bc5 32. Nf3 d4 33. Bg2 Bd5 34. Ne1 Qc6 35. Bxd5 Qxd5 36. Qe4 Qxe4 37. Rxe4 f5 38. exf6 Kf7 39. Bd2 Nxf6 40. Re2 Nd5 41. Bxc3 Nxc3 42. Re5 Nd5 43. Kg2 Kf6 44. f4 Bd6 45. Re4 Bc5 46. Kf2 Nc3 47. Re5 Nd5 48. Nf3 Bb6 49. Ng5 Nc7 50. Nxh7+ Kf7 51. Ng5+ Kg8 1-0


[Site "https://www.chess.com"]

[Event "Titled Tuesday Blitz June 22 2021"]
[White "Ozen, Bahadir"]
[Black "Khubukshanov, Erdem"]
[WhiteFideId "6337058"]
[BlackFideId "54114527"]
[WhiteElo "2503"]
[BlackElo "2222"]
[Result "0-1"]
[Round "07"]
[TimeControl "180+1"]
[Date "2021.06.22"]
[WhiteClock "0:00:04"]
[BlackClock "0:00:12"]

1. h3 e5 2. c3 d5 3. d4 e4 4. Bf4 Bd6 5. Bxd6 Qxd6 6. e3 Nf6 7. Qa4+ Nbd7 8. Qa3 c5 9. c4 O-O 10. Nc3 b6 11. Rd1 Bb7 12. cxd5 Rfd8 13. Nge2 a6 14. Ng3 Qe7 15. Nf5 Qf8 16. d6 Ne8 17. Be2 g6 18. Ng3 Nxd6 19. O-O h5 20. Rfe1 h4 21. Nf1 Rac8 22. dxc5 Nxc5 23. Rd4 Ne6 24. Rd2 Nf5 25. Qxf8+ Kxf8 26. Red1 Ke7 27. Rxd8 Rxd8 28. Rxd8 Kxd8 29. Nd2 Nd6 30. Nc4 Kc7 31. Nxd6 Kxd6 32. Kf1 f6 33. Ke1 g5 34. Kd2 Nc5 35. b4 Nd7 36. Bg4 Ne5 37. Bf5 Nc4+ 38. Ke2 Ke5 39. Bg6 Nb2 40. Kd2 Nd3 41. f3 Nxb4 42. Bxe4 Bxe4 43. a3 Nc2 44. Nxe4 Nxa3 45. Nf2 Nc4+ 46. Kd3 Nd6 47. Ng4+ Kf5 48. Nh6+ Ke6 49. Ng4 b5 50. e4 a5 51. Ne3 a4 52. Kc3 Ke5 53. Kb4 Kd4 54. Ng4 f5 55. exf5 Nxf5 56. Nf6 Ne3 57. Nh7 Nxg2 58. Nxg5 Nf4 59. Nf7 Nxh3 60. f4 Nxf4 61. Ng5 h3 62. Nf3+ Ke3 63. Nh2 Kf2 64. Kxb5 a3 0-1


[Site "https://www.chess.com"]

[Event "Titled Tuesday Blitz June 22 2021"]
[White "Perez Gormaz, Matias"]
[Black "Lagarde, Maxime"]
[WhiteFideId "3406342"]
[BlackFideId "662399"]
[WhiteElo "2414"]
[BlackElo "2630"]
[Result "0-1"]
[Round "07"]
[TimeControl "180+1"]
[Date "2021.06.22"]
[WhiteClock "0:00:05"]
[BlackClock "0:00:26"]

1. e4 Nc6 2. Nf3 d6 3. d4 Nf6 4. Nc3 g6 5. Be3 Bg7 6. Qd2 Ng4 7. Bg5 h6 8. Bh4 g5 9. Bg3 e5 10. d5 Ne7 11. h4 f6 12. Be2 Ng6 13. O-O-O Nf4 14. Bxf4 gxf4 15. h5 Nxf2 16. Bb5+ Bd7 17. Bxd7+ Qxd7 18. Qxf2 f5 19. Nh4 fxe4 20. Nxe4 Qa4 21. Nc3 Qa5 22. Nf5 Bf6 23. Kb1 O-O-O 24. Ne4 Rdf8 25. Rh3 Bd8 26. Ng7 Qb4 27. Nc3 Kb8 28. Ne6 Rfg8 29. a3 Qa5 30. Ne4 Be7 31. Rc3 Rc8 32. Rb3 c6 33. Qd2 Qxd2 34. Rxd2 Rhg8 35. g3 Rg4 36. gxf4 exf4 37. dxc6 Rxc6 38. Rf3 d5 39. Rxd5 Rxe6 40. Nc3 a6 41. Rf5 Bg5 42. Nd5 Rg3 43. Rf1 Re2 44. Nxf4 Rh2 45. Ne6 Rgg2 46. Rf8+ Ka7 47. Rc8 Rxh5 48. Rf7 Rh1+ 49. Ka2 Re2 50. Nc5 Re7 51. Rxe7 Bxe7 52. Rc7 Bd6 53. Rd7 Bxc5 54. Rd5 Bb6 55. b4 h5 56. c4 h4 57. c5 Bc7 58. Rh5 h3 59. Rh7 Kb8 60. Rh8+ Ka7 61. Rh7 Be5 62. c6 Kb6 63. cxb7 Ka7 64. Kb3 h2 65. Ka4 Ra1 66. Re7 h1=Q 67. Rxe5 Qd1+ 0-1


[Site "https://www.chess.com"]

[Event "Titled Tuesday Blitz June 22 2021"]
[White "Shevchenko, Kirill"]
[Black "Yanchenko, Roman"]
[WhiteFideId "14129574"]
[BlackFideId "4137329"]
[WhiteElo "2569"]
[BlackElo "2514"]
[Result "1-0"]
[Round "07"]
[TimeControl "180+1"]
[Date "2021.06.22"]
[WhiteClock "0:00:20"]
[BlackClock "0:00:03"]

1. c4 e5 2. e3 Nc6 3. Nc3 g6 4. d4 d6 5. g3 Bg7 6. Nge2 f5 7. Bg2 Nf6 8. O-O O-O 9. b3 h6 10. Ba3 Kh7 11. c5 exd4 12. exd4 dxc5 13. Bxc5 Re8 14. Nf4 g5 15. Nh5 Nxh5 16. Qxh5 Qd7 17. Rfe1 Rxe1+ 18. Rxe1 b6 19. Be7 Bb7 20. Bxg5 Rf8 21. d5 Ne5 22. f4 Ng6 23. Re6 Qf7 24. Ne4 1-0


[Site "https://www.chess.com"]

[Event "Titled Tuesday Blitz June 22 2021"]
[White "Timofeev, Artyom"]
[Black "Andreikin, Dmitry"]
[WhiteFideId "4140419"]
[BlackFideId "4158814"]
[WhiteElo "2582"]
[BlackElo "2782"]
[Result "0-1"]
[Round "07"]
[TimeControl "180+1"]
[Date "2021.06.22"]
[WhiteClock "0:00:01"]
[BlackClock "0:00:04"]

1. c4 e5 2. e3 Nf6 3. Nc3 Bb4 4. Nge2 O-O 5. a3 Bxc3 6. Nxc3 d5 7. cxd5 Nxd5 8. Be2 Be6 9. O-O c5 10. b4 Nxc3 11. dxc3 Nd7 12. c4 Rc8 13. b5 Qg5 14. Re1 Rfd8 15. Qb3 e4 16. Bb2 Ne5 17. Bxe5 Qxe5 18. Rad1 b6 19. a4 h5 20. a5 h4 21. a6 Qg5 22. Qc2 Bf5 23. Rxd8+ Rxd8 24. Rd1 h3 25. g3 Rxd1+ 26. Qxd1 Qf6 27. Bf1 g6 28. g4 Be6 29. Bxh3 Bxc4 30. Bf1 Be6 31. h3 c4 32. Qd6 Qa1 33. Qb8+ Kh7 34. Qxa7 c3 35. Qc7 Bb3 36. Kg2 c2 37. a7 Kg7 38. Bc4 c1=Q 39. Qxf7+ Kh6 40. g5+ Kxg5 41. Qf4+ Kh5 42. Qg4+ Kh6 43. Qh4+ Kg7 44. Qe7+ Kh6 45. Qh4+ Kg7 46. Qe7+ Kh8 47. Qf8+ Kh7 48. Qg8+ Kh6 49. Qf8+ Qg7 50. Qf4+ g5 51. Qd6+ Qg6 52. Qf8+ Qg7 53. Qd6+ Kh7 54. a8=Q Bxc4 55. Qxe4+ Kh8 56. Qd8+ Bg8 57. Qed4 Qc5 58. Qxc5 bxc5 59. Qc8 Qf6 60. b6 Qxb6 61. Qf5 Qc6+ 62. Kg3 c4 63. Qxg5 c3 64. Qe5+ Kh7 65. e4 c2 66. Qh5+ Kg7 67. Qe5+ Kf8 68. Qb8+ Kg7 69. Qe5+ Kf7 70. Qf5+ Ke7 71. Qe5+ Kd7 72. Qd4+ Kc7 73. Qa7+ Kc8 74. Qg7 Be6 75. Qf8+ Kc7 76. Qe7+ Bd7 77. Qe5+ Kc8 78. Qh8+ Be8 79. Qg7 c1=Q 0-1


[Site "https://www.chess.com"]

[Event "Titled Tuesday Blitz June 22 2021"]
[White "Tristan, Leonardo"]
[Black "Tari, Aryan"]
[WhiteFideId "113816"]
[BlackFideId "1510045"]
[WhiteElo "2404"]
[BlackElo "2656"]
[Result "0-1"]
[Round "07"]
[TimeControl "180+1"]
[Date "2021.06.22"]
[WhiteClock "0:00:01"]
[BlackClock "0:00:09"]

1. d4 Nf6 2. Bg5 d5 3. e3 c5 4. c3 Ne4 5. Bf4 Nc6 6. Nd2 Bf5 7. Nxe4 Bxe4 8. Qb3 Qd7 9. Nf3 c4 10. Qd1 e6 11. Nd2 Bg6 12. e4 Be7 13. h4 h6 14. g3 O-O 15. Bg2 b5 16. Qg4 h5 17. Qe2 b4 18. Bf3 bxc3 19. bxc3 Ba3 20. Rb1 e5 21. dxe5 d4 22. Nxc4 dxc3 23. Nxa3 Nd4 24. Qd3 Qa4 25. Bd1 Qxa3 26. Qxd4 Rfd8 27. Qa4 Rxd1+ 28. Qxd1 Bxe4 29. Rb3 Qxa2 30. O-O c2 31. Qd4 Qxb3 32. Qxe4 Rd8 33. Bg5 Rd1 34. Kg2 Qb1 35. Qa8+ Kh7 36. Qe4+ g6 37. Qf3 Kg8 38. Qa8+ Kh7 39. Bf6 g5 40. Qh8+ Kg6 41. Qg7+ Kf5 42. Qxg5+ Ke6 43. Bd8 Qb7+ 44. f3 Rxf1 45. Qf6+ Kd5 46. Qd6+ Kc4 47. Be7 Qxf3+ 48. Kh2 Rh1# 0-1


[Site "https://www.chess.com"]

[Event "Titled Tuesday Blitz June 22 2021"]
[White "Visakh N R"]
[Black "Tanenbaum, Zachary"]
[WhiteFideId "25012223"]
[BlackFideId "2060850"]
[WhiteElo "2428"]
[BlackElo "2165"]
[Result "1-0"]
[Round "07"]
[TimeControl "180+1"]
[Date "2021.06.22"]
[WhiteClock "0:00:19"]
[BlackClock "0:00:05"]

1. e4 e5 2. Nf3 Nc6 3. Bb5 a6 4. Ba4 d6 5. d4 b5 6. Bb3 Nxd4 7. Nxd4 exd4 8. c3 dxc3 9. Qh5 g6 10. Qd5 Be6 11. Qc6+ Bd7 12. Qxc3 Nf6 13. Bg5 Bg7 14. e5 dxe5 15. Qxe5+ Qe7 16. Qxe7+ Kxe7 17. Nc3 Rhe8 18. O-O-O Bc6 19. Bd5 b4 20. Bxc6 bxc3 21. bxc3 Kf8 22. Bxa8 Rxa8 23. Bxf6 Bxf6 24. Kc2 Be5 25. h4 h6 26. Rd5 Bd6 27. Ra5 Ke7 28. g3 Kd7 29. Re1 h5 30. Ra4 Kc6 31. Rc4+ Kb5 32. Rd4 Kc6 33. Rc4+ Kb5 34. Kd3 Rd8 35. Rb1+ Ka5 36. Kc2 Be5 37. Rb7 Bd6 38. Kb3 Bb4 39. cxb4# 1-0


[Site "https://www.chess.com"]

[Event "Titled Tuesday Blitz June 22 2021"]
[White "Wagner, Dennis"]
[Black "Muradli, Mahammad"]
[WhiteFideId "24650684"]
[BlackFideId "13409301"]
[WhiteElo "2355"]
[BlackElo "2482"]
[Result "0-1"]
[Round "07"]
[TimeControl "180+1"]
[Date "2021.06.22"]
[WhiteClock "0:00:27"]
[BlackClock "0:01:03"]

1. d4 Nf6 2. Nf3 g6 3. c4 Bg7 4. Nc3 O-O 5. e4 d6 6. Be2 e5 7. O-O c6 8. d5 Na6 9. Be3 Ng4 10. Bg5 f6 11. Bh4 c5 12. Ne1 h5 13. a3 Bd7 14. Nd3 Qe7 15. h3 Nh6 16. b4 b6 17. Rb1 g5 18. Bg3 h4 19. Bh2 f5 20. f3 g4 21. fxg4 fxg4 22. hxg4 Qg5 23. Qc1 Rxf1+ 24. Kxf1 Qg6 25. Kg1 Nxg4 26. Bxg4 Bxg4 27. Nf2 Bd7 28. Qe3 Bh6 29. Qd3 Rf8 30. Nh3 Qf7 31. b5 Nc7 32. Rf1 Be3+ 33. Nf2 Bxf2+ 34. Kh1 Qg6 0-1


[Site "https://www.chess.com"]

[Event "Titled Tuesday Blitz June 22 2021"]
[White "Willow, Jonah B"]
[Black "Nakamura, Hikaru"]
[WhiteFideId "438804"]
[BlackFideId "2016192"]
[WhiteElo "2261"]
[BlackElo "2900"]
[Result "0-1"]
[Round "07"]
[TimeControl "180+1"]
[Date "2021.06.22"]
[WhiteClock "0:00:05"]
[BlackClock "0:02:20"]

1. e4 g6 2. d4 Bg7 3. Nc3 a6 4. f4 c6 5. Nf3 d5 6. e5 Bg4 7. Be2 Bxf3 8. Bxf3 e6 9. O-O h5 10. Ne2 Ne7 11. Be3 Nf5 12. Bf2 Nd7 13. c4 dxc4 14. Qc2 Nb6 15. a4 a5 16. b3 cxb3 17. Qxb3 Rb8 18. Rfd1 Nd5 19. Rab1 O-O 20. Nc3 Nxf4 21. Ne4 Nd5 22. Rbc1 Qe7 23. Be1 Nb4 24. Rc4 Rfd8 25. Bxb4 axb4 26. Qxb4 Qxb4 27. Rxb4 Bf8 28. Rc4 Ne3 29. Rcc1 Nxd1 30. Rxd1 Kg7 31. Kf2 c5 32. dxc5 Rxd1 33. Bxd1 Rc8 34. Nd6 Rxc5 35. Nxb7 Rxe5 36. a5 Bc5+ 37. Kf1 Ba7 38. Bf3 Rb5 39. Ke2 Rb3 40. Kd2 f5 41. Kc2 Rb4 42. Kc3 Rb1 43. Kc2 Rb5 44. Bc6 Re5 45. a6 Kf6 46. Kd3 Ke7 47. Kc4 g5 48. h3 h4 49. Bf3 Kd7 50. Kb4 Bb6 51. Kc4 Kc7 52. Kb4 Re1 53. Kc4 e5 54. Bd5 e4 55. Be6 e3 56. Bxf5 e2 57. Kd3 Rf1 0-1


[Site "https://www.chess.com"]

[Event "Titled Tuesday Blitz June 22 2021"]
[White "Andreikin, Dmitry"]
[Black "Kovalev, Vladislav"]
[WhiteFideId "4158814"]
[BlackFideId "13504398"]
[WhiteElo "2782"]
[BlackElo "2573"]
[Result "0-1"]
[Round "08"]
[TimeControl "180+1"]
[Date "2021.06.22"]
[WhiteClock "0:00:20"]
[BlackClock "0:00:17"]

1. d4 Nf6 2. c4 e6 3. Nf3 d5 4. Nc3 dxc4 5. e3 a6 6. a4 c5 7. Bxc4 Nc6 8. O-O Be7 9. dxc5 Qxd1 10. Rxd1 Bxc5 11. b3 b6 12. Bb2 Bb7 13. Nd2 Na5 14. Be2 Rd8 15. Nc4 Rxd1+ 16. Rxd1 Nxc4 17. Bxc4 Ke7 18. Kf1 Rc8 19. h3 Ne8 20. Ne2 Nd6 21. Bd3 Bd5 22. Nc1 a5 23. Ke2 Bxg2 24. Bxg7 Bxh3 25. Bxh7 Bg4+ 26. f3 Bf5 27. Rh1 Ba3 28. Nd3 Rc2+ 29. Kd1 Bxd3 30. Rh6 Bxh7 31. Bf6+ Kd7 32. Rxh7 Rf2 33. f4 Bc5 34. Bh4 Rb2 35. e4 Nxe4 36. Rxf7+ Kc6 37. f5 exf5 38. Rxf5 Rxb3 39. Re5 Nd6 40. Be1 Ra3 41. Kc2 Rxa4 42. Kb3 Re4 43. Rxe4 Nxe4 44. Ka4 Bb4 0-1


[Site "https://www.chess.com"]

[Event "Titled Tuesday Blitz June 22 2021"]
[White "Dobrov, Vladimir"]
[Black "Levin, Guy"]
[WhiteFideId "4136594"]
[BlackFideId "2824213"]
[WhiteElo "2614"]
[BlackElo "1972"]
[Result "1-0"]
[Round "08"]
[TimeControl "180+1"]
[Date "2021.06.22"]
[WhiteClock "0:02:03"]
[BlackClock "0:01:49"]

1. b3 e5 2. Bb2 Nc6 3. e3 Nf6 4. Bb5 d6 5. Ne2 Be7 6. O-O O-O 7. Ng3 Be6 8. Nc3 a6 9. Bxc6 bxc6 10. Nce2 Nd7 11. a3 f5 12. f4 e4 13. Nd4 Bd5 14. c4 c5 15. Ndxf5 Be6 16. Nxg7 1-0


[Site "https://www.chess.com"]

[Event "Titled Tuesday Blitz June 22 2021"]
[White "Donchenko, Alexander"]
[Black "Hansen, Eric"]
[WhiteFideId "24603295"]
[BlackFideId "2606771"]
[WhiteElo "2553"]
[BlackElo "2568"]
[Result "0-1"]
[Round "08"]
[TimeControl "180+1"]
[Date "2021.06.22"]
[WhiteClock "0:00:20"]
[BlackClock "0:00:24"]

1. Nf3 d5 2. d4 Nf6 3. c4 e6 4. g3 Bb4+ 5. Bd2 Bd6 6. Bg2 O-O 7. O-O c6 8. Nc3 Nbd7 9. b3 Ne4 10. Nxe4 dxe4 11. Ng5 e5 12. Nxe4 Be7 13. dxe5 Nxe5 14. Bc3 Qc7 15. Qd2 Rd8 16. Qf4 f6 17. Rfd1 Be6 18. h4 h6 19. Bd4 a5 20. Nc5 Bf7 21. Nd3 Bd6 22. Bxe5 fxe5 23. Qe3 Qe7 24. Be4 a4 25. Rdb1 Bb8 26. Kg2 Rd4 27. Rc1 Ba7 28. c5 Rxe4 29. Qxe4 Bd5 30. Rc4 Rf8 31. Rxa4 Bxc5 32. Rd1 Bd4 33. Qxd5+ cxd5 34. e3 Bb6 35. Nb4 Qf7 36. Rd2 d4 37. exd4 Bxd4 38. Nd3 Bc3 0-1


[Site "https://www.chess.com"]

[Event "Titled Tuesday Blitz June 22 2021"]
[White "Drygalov, Sergey"]
[Black "Papasimakopoulos, Alexandros"]
[WhiteFideId "24171743"]
[BlackFideId "4244125"]
[WhiteElo "2514"]
[BlackElo "2352"]
[Result "1-0"]
[Round "08"]
[TimeControl "180+1"]
[Date "2021.06.22"]
[WhiteClock "0:01:09"]
[BlackClock "0:00:48"]

1. d4 e6 2. c4 Nf6 3. Nf3 Bb4+ 4. Nbd2 b6 5. a3 Bxd2+ 6. Qxd2 Bb7 7. e3 O-O 8. Be2 Ne4 9. Qc2 f5 10. b4 d6 11. Bb2 Nd7 12. O-O Rf6 13. d5 Rg6 14. Rad1 c5 15. dxc6 Bxc6 16. Qb3 Ng5 17. Nxg5 Bxg2 18. f4 Bxf1 19. Bxf1 h6 20. h4 hxg5 21. hxg5 e5 22. c5+ Kf8 23. cxd6 exf4 24. exf4 Rc8 25. Qd3 Qe8 26. Qxf5+ Qf7 27. Qxf7+ Kxf7 28. Bh3 Re6 29. Bxe6+ Kxe6 30. Bxg7 Kf5 31. Be5 Rc2 32. Rd3 Ke4 33. Rg3 Nxe5 34. fxe5 Kf4 35. Rg2 Rc1+ 36. Kh2 Kxe5 37. g6 1-0


[Site "https://www.chess.com"]

[Event "Titled Tuesday Blitz June 22 2021"]
[White "Firat, Burak"]
[Black "Shevchenko, Kirill"]
[WhiteFideId "6305881"]
[BlackFideId "14129574"]
[WhiteElo "2531"]
[BlackElo "2569"]
[Result "0-1"]
[Round "08"]
[TimeControl "180+1"]
[Date "2021.06.22"]
[WhiteClock "0:00:18"]
[BlackClock "0:00:23"]

1. e4 c5 2. Nf3 g6 3. c3 Bg7 4. d4 cxd4 5. cxd4 d5 6. e5 a6 7. h3 Nc6 8. Nbd2 f6 9. exf6 Nxf6 10. Bd3 O-O 11. Nb3 Ne4 12. Be3 a5 13. Rc1 a4 14. Nc5 Bf5 15. Nxe4 Bxe4 16. Bxe4 dxe4 17. Ng5 Bxd4 18. Bxd4 Nxd4 19. Nxe4 Qd5 20. f3 Rad8 21. Qxa4 b5 22. Qa7 Nxf3+ 23. gxf3 Rxf3 24. Qxe7 Re3+ 25. Kf1 Rxe4 26. Qc5 Rf8+ 27. Kg1 Re1+ 28. Kh2 Re2+ 29. Kg3 Qg2+ 30. Kh4 Rf4# 0-1


[Site "https://www.chess.com"]

[Event "Titled Tuesday Blitz June 22 2021"]
[White "Gabrielian, Artur"]
[Black "Kretov, Evgenij"]
[WhiteFideId "4131002"]
[BlackFideId "4167821"]
[WhiteElo "2539"]
[BlackElo "2400"]
[Result "1-0"]
[Round "08"]
[TimeControl "180+1"]
[Date "2021.06.22"]
[WhiteClock "0:00:59"]
[BlackClock "0:00:57"]

1. e4 c5 2. Nc3 Nc6 3. Bb5 Nd4 4. Bc4 g6 5. Nf3 e6 6. Nxd4 cxd4 7. Ne2 Bg7 8. c3 dxc3 9. dxc3 Ne7 10. O-O O-O 11. Bg5 h6 12. Bh4 g5 13. Bg3 d5 14. exd5 Nxd5 15. Qb3 Qb6 16. Bxd5 exd5 17. Qxb6 axb6 18. Rfd1 Be6 19. a3 Rac8 20. f3 Rfd8 21. Bf2 Rd6 22. Bd4 f6 23. Rd2 Kf7 24. Re1 Bf8 25. Bf2 Bd7 26. Nd4 f5 27. Rde2 f4 28. h4 Re8 29. Rxe8 Bxe8 30. hxg5 hxg5 31. Re5 Rg6 32. Rxd5 g4 33. Rf5+ Kg8 34. Rxf4 gxf3 35. Rxf3 Bc5 36. Nf5 Re6 37. Bxc5 bxc5 38. Re3 Rxe3 39. Nxe3 Kf7 40. Kf2 Ke6 41. Ke2 Ke5 42. Kd3 Bf7 43. b4 cxb4 44. cxb4 Kf4 45. Nc4 Kg3 46. Nd6 Bd5 47. Kd4 Bxg2 48. a4 Kf4 49. a5 Kg5 50. Kc5 Kf6 51. Kb6 Ke5 52. Nxb7 1-0


[Site "https://www.chess.com"]

[Event "Titled Tuesday Blitz June 22 2021"]
[White "Gevorgyan, David Sh."]
[Black "Izoria, Zviad"]
[WhiteFideId "13303244"]
[BlackFideId "13601733"]
[WhiteElo "2255"]
[BlackElo "2626"]
[Result "0-1"]
[Round "08"]
[TimeControl "180+1"]
[Date "2021.06.22"]
[WhiteClock "0:00:01"]
[BlackClock "0:00:20"]

1. d4 Nf6 2. c4 g6 3. Nc3 Bg7 4. e4 d6 5. Be2 Nbd7 6. Be3 e5 7. d5 Nc5 8. f3 a5 9. g4 h5 10. g5 Nh7 11. h4 f6 12. Qd2 fxg5 13. hxg5 O-O 14. Nh3 Bxh3 15. Rxh3 a4 16. O-O-O Qe7 17. Rg1 Rf4 18. Rhg3 Raf8 19. Bd1 Qd7 20. Bxc5 dxc5 21. Bxa4 Qe7 22. Bd1 h4 23. Rg4 Rxg4 24. Rxg4 Rf4 25. d6 Qxd6 26. Nd5 Rxg4 27. fxg4 Qd8 28. Qa5 Nxg5 29. Qxc5 h3 30. Qf2 Qf8 31. Qh2 c6 32. Ne3 Qf4 0-1


[Site "https://www.chess.com"]